 Dungeon Crawl Stone Soup version 0.22.1-1-ga44c0e56f4 (webtiles) character file.

154 Oyasumi the Magician (level 5, -4/24 HPs)
             Began as a Spriggan Conjurer on Sept 17, 2018.
             Slain by a worker ant (7 damage)
             ... on level 5 of the Dungeon on Sept 19, 2018.
             The game lasted 00:41:20 (4300 turns).

Oyasumi the Magician (Spriggan Conjurer)            Turns: 4300, Time: 00:41:21

Health: -4/24      AC:  2    Str:  4    XL:     5   Next: 13%
Magic:  5/12       EV: 19    Int: 17    God:
Gold:   181        SH:  0    Dex: 17    Spells: 6/12 levels left

rFire    . . .     SeeInvis +   h - +0 long sword
rCold    . . .     Gourm    .   (shield restricted)
rNeg     . . .     Faith    .   a - +0 robe
rPois    .         Spirit   .   (helmet restricted)
rElec    .         Reflect  .   (no cloak)
rCorr    .         Harm     .   (gloves unavailable)
MR       .....                  (boots unavailable)
Stlth    +++.......             m - amulet of inaccuracy
HPRegen  0.08/turn              (no ring)
MPRegen  0.13/turn              (no ring)

@: very quick
A: very small, unfitting armour, see invisible, herbivore, speed 3, slow
metabolism 2
a: no special abilities


You were on level 5 of the Dungeon.
You were not hungry.

You visited 1 branch of the dungeon, and saw 5 of its levels.

You collected 181 gold pieces.

Inventory:

Hand Weapons
 f - a +1 dagger
 h - a +0 long sword (weapon)
Armour
 a - a +0 robe (worn)
Jewellery
 m - an amulet of inaccuracy (around neck)
Scrolls
 b - 4 scrolls of enchant weapon
 g - a scroll of blinking {unknown}
 j - a scroll of immolation {unknown}
 l - 2 scrolls of teleportation
 n - a scroll of magic mapping {unknown}
 o - a scroll of random uselessness {unknown}
 p - 4 scrolls of amnesia
 q - 2 scrolls of remove curse
Potions
 d - a potion of mutation {unknown}
 e - a potion of invisibility {unknown}
 i - 2 potions of berserk rage {unknown}
 k - a potion of might {unknown}
 r - 3 potions of heal wounds {unknown}
Comestibles
 c - 9 rations


   Skills:
 + Level 0.1 Fighting
 + Level 0.5 Short Blades
 + Level 3.7 Dodging
 + Level 3.7 Stealth
 + Level 4.2 Spellcasting
 + Level 3.9 Conjurations


You had 6 spell levels left.
You knew the following spells:

 Your Spells              Type           Power        Failure   Level  Hunger
a - Magic Dart            Conj           ###.         3%          1    None
b - Searing Ray           Conj           ###...       4%          2    ##.....
c - Dazzling Spray        Conj/Hex       ##....       21%         3    ###....

Your spell library contained the following spells:

 Spells                   Type           Power        Failure   Level  Hunger
 Conjure Flame            Conj/Fire      ##......     21%         3    ###....
 Stone Arrow              Conj/Erth      ##....       21%         3    ###....
 Blink                    Tloc           N/A          24%         2    ##.....
 Call Imp                 Summ           #.......     24%         2    ##.....
 Corpse Rot               Necr           N/A          24%         2    ##.....
 Slow                     Hex            #.......     24%         2    ##.....
 Mephitic Cloud           Conj/Pois/Air  #.......     26%         3    ###....
 Iskenderun's Mystic Bla  Conj           ###.....     30%         4    ####...
 Force Lance              Conj/Tloc      ##......     56%         4    ####...
 Fulminant Prism          Conj/Hex       ##........   56%         4    ####...
 Leda's Liquefaction      Hex/Erth       #.........   83%         4    ####...
 Summon Forest            Summ/Tloc      #.........   99%         5    ######.
 Hydra Form               Tmut           #.........   100%        6    #######
 Summon Hydra             Summ           #.........   100%        7    #######


Dungeon Overview and Level Annotations

Branches:
Dungeon (5/15)
 Temple: D:4-7

Altars:
Kikubaaqudgha
Ru

Annotations:
D:3 Purgy


Innate Abilities, Weirdness & Mutations

You are very small and have problems with some larger weapons.
You are too small for most types of armour.
You have supernaturally acute eyesight. (SInv)
You are a herbivore.
You cover ground extremely quickly.
You need to consume almost no food.


Message History

The gnoll barely misses you. The gnoll completely misses you.
Casting: Searing Ray (safe; 4% risk of failure)
Confirm with . or Enter, or press ? or * to list all spells.
Aiming: Searing Ray (safe; 4% risk of failure)
Press: ? - help, Shift-Dir - straight line, f/p - gnoll
Aim: a gnoll, wielding a halberd (moderately wounded)
The searing ray hits the gnoll.
The gnoll is heavily wounded. (Press . to maintain the ray.)
The worker ant closely misses you.
You riposte.
You miss the worker ant. The gnoll barely misses you.
The gnoll completely misses you.
You riposte.
You closely miss the gnoll.
The gnoll is heavily wounded.
The worker ant completely misses you.
You riposte.
You miss the worker ant.
The gnoll hits you from afar with a halberd!
* * * LOW HITPOINT WARNING * * *
The gnoll closely misses you.
You riposte.
You closely miss the gnoll.
The gnoll is heavily wounded.
The gnoll closely misses you. The worker ant bites you!
You die...

#Z#. ...#.# #...##.##.#
### #.......# ..#
###...### #.# #...# #.#
#...# #.# #...# ####.#
######...###### #
##....###.....g.@.....#.#.
..............ga.........$
.#..##.##...g.........#..#
.#..##.######....#)####
....##.# #....#.# .#####.#
#....#.# .# #.# #....#.#
.......# #....#.# ########
#......#


You could see a worker ant and 3 gnolls.

Vanquished Creatures
  Ijyb (D:5)
  3 gnolls (D:3)
  An adder (D:2)
  An ooze (D:3)
  A dart slug (D:1)
  4 worms
  A leopard gecko (D:1)
  5 orcs
  7 giant cockroaches
  2 goblins
  3 hobgoblins
  4 jackals (D:1)
  13 kobolds
  A quokka (D:3)
  2 ball pythons (D:3)
  12 bats
  4 frilled lizards
  5 rats
70 creatures vanquished.

Notes
Turn   | Place    | Note
-------+----------+-------------------------------------------
     0 | D:1      | Oyasumi the Spriggan Conjurer began the quest for the Orb.
     0 | D:1      | Reached XP level 1. HP: 9/9 MP: 5/5
   244 | D:1      | Reached XP level 2. HP: 13/13 MP: 3/6
  1002 | D:2      | Reached XP level 3. HP: 9/16 MP: 1/8
  1193 | D:2      | Reached skill level 3 in Spellcasting
  1652 | D:2      | Found a sacrificial altar of Ru.
  1718 | D:2      | Found an ancient bone altar of Kikubaaqudgha.
  2335 | D:2      | Learned a level 2 spell: Searing Ray
  2339 | D:2      | Learned a level 3 spell: Dazzling Spray
  2593 | D:3      | Noticed Purgy
  2628 | D:3      | Reached XP level 4. HP: 21/21 MP: 3/10
  3225 | D:3      | Reached skill level 4 in Spellcasting
  3814 | D:5      | Entered Level 5 of the Dungeon
  3993 | D:5      | Upgraded the game from 0.22.0-81-g402daae900 to
                  | 0.22.1-1-ga44c0e56f4
  4048 | D:5      | Noticed Ijyb
  4145 | D:5      | Killed Ijyb
  4145 | D:5      | Reached XP level 5. HP: 19/24 MP: 0/12
  4300 | D:5      | Slain by a worker ant

Skill      XL: |  1  2  3  4 |
---------------+-------------+-----
Conjurations   | 3 |  3.9
Spellcasting   | 3 4 |  4.2
Fighting       | |  0.1
Short Blades   | |  0.5
Dodging        | |  3.7
Stealth        | |  3.7

Action                   |  1- 3 |  4- 6 || total
-------------------------+-------+-------++-------
Melee: Unarmed           |     1 |       ||     1
       Dagger            |    25 |    80 ||   105
 Cast: Magic Dart        |    98 |    63 ||   161
       Searing Ray       |     6 |    28 ||    34
  Use: Scroll            |     1 |     5 ||     6
 Stab: Sleeping          |     2 |     1 ||     3
  Eat: Ration            |       |     1 ||     1
Armor: Robe              |     2 |    11 ||    13
Dodge: Dodged            |    48 |   110 ||   158
       Rpst.: Long sword |       |     5 ||     5
